[ PARTIDA AOE2 · #505024587 ]
UnrankedLituanos vs Khitans
[ ANÁLISIS DE REPETICIÓN · EXTRAÍDO DE LA PARTIDA GRABADA ]
Feudal
12:18
Castillos
19:30
Imperial
—
| APM promedio | 36.3 |
| APM pico | 74 |
| eAPM promedio | 19.6 |
| Aldeanos / militares | 40 / 25 |
Foco
⚔️ 22.0% · 🌾 78.0%
Knight ×11 · Demolition Raft ×8 · Fishing Ship ×7 · Spearman ×4 · Monk ×2
Feudal
9:18
Castillos
—
Imperial
—
| APM promedio | 30.5 |
| APM pico | 114 |
| eAPM promedio | 12.5 |
| Aldeanos / militares | 49 / 10 |
Foco
⚔️ 21.5% · 🌾 78.5%
Scout Cavalry ×10
Feudal
11:44
Castillos
—
Imperial
—
| APM promedio | 35.7 |
| APM pico | 84 |
| eAPM promedio | 12.4 |
| Aldeanos / militares | 38 / 3 |
Foco
⚔️ 24.7% · 🌾 75.3%
Scout Cavalry ×2 · Spearman ×1
Feudal
9:44
Castillos
20:54
Imperial
—
| APM promedio | 38.7 |
| APM pico | 63 |
| eAPM promedio | 16.7 |
| Aldeanos / militares | 48 / 12 |
Foco
⚔️ 41.9% · 🌾 58.1%
Archer ×10 · Cavalry Archer ×2
Feudal
11:06
Castillos
—
Imperial
—
| APM promedio | 43.3 |
| APM pico | 84 |
| eAPM promedio | 19.9 |
| Aldeanos / militares | 59 / 17 |
Foco
⚔️ 17.6% · 🌾 82.4%
Fishing Ship ×11 · Spearman ×9 · Skirmisher ×8 · Unknown (2626) ×1
Feudal
9:50
Castillos
15:16
Imperial
—
| APM promedio | 27.3 |
| APM pico | 73 |
| eAPM promedio | 9.1 |
| Aldeanos / militares | 44 / 7 |
Foco
⚔️ 19.6% · 🌾 80.4%
Knight ×7
Mapa de la partida
Recursos iniciales + cada clic de construcción. Líneas = muros · curvas = relieve. ◆ oro · ⬟ piedra · ● bayas · ✦ reliquia · ◌ hueco del cierre
Tu base· ✓ Separados por el mapa
Base de LMG_Leonardo· ✓ Separados por el mapa
Base de cuaiern· ✓ Separados por el mapa
Base de luislm6621· ✓ Separados por el mapa
Base de LMG_SON SABANDIJAS· ✓ Separados por el mapa
Base de Skrepee· ✓ Separados por el mapa
Terreno inicial suavizado · ◌ = hueco del cierre detectado · pasá el cursor para detalles
Inputs por minuto
— LMG_HERA DE TEMU - - LMG_Leonardo
Build order — LMG_HERA DE TEMU
122 acciones detectadas en el replay
| 0:06 | Construir | House |
| 0:06 | Investigar | Loom |
| 0:07 | Encolar | Villager (Male) |
| 0:07 | Encolar | Villager (Male) |
| 0:08 | Encolar | Villager (Male) |
| 0:08 | Encolar | Villager (Male) |
| 0:08 | Encolar | Villager (Male) |
| 0:10 | Construir | House |
| 0:26 | Encolar | Villager (Male) |
| 0:27 | Encolar | Villager (Male) |
| 1:34 | Encolar | Villager (Male) |
| 1:35 | Encolar | Villager (Male) |
| 1:35 | Encolar | Villager (Male) |
| 2:40 | Encolar | Villager (Male) |
| 2:41 | Encolar | Villager (Male) |
| 2:41 | Encolar | Villager (Male) |
| 2:43 | Construir | Lumber Camp |
| 2:59 | Encolar | Villager (Male) |
| 3:34 | Construir | House |
| 3:49 | Construir | House |
| 3:53 | Construir | House |
| 4:25 | Construir | House |
| 5:00 | Encolar | Villager (Male) |
| 5:00 | Encolar | Villager (Male) |
| 5:00 | Encolar | Villager (Male) |
| 5:05 | Construir | House |
| 5:28 | Encolar | Villager (Male) |
| 5:28 | Encolar | Villager (Male) |
| 5:29 | Encolar | Villager (Male) |
| 6:43 | Encolar | Villager (Male) |
| 6:43 | Encolar | Villager (Male) |
| 6:43 | Encolar | Villager (Male) |
| 6:49 | Construir | Dock |
| 7:19 | Construir | Palisade Wall |
| 7:21 | Construir | Palisade Wall |
| 7:22 | Construir | Palisade Wall |
| 7:42 | Construir | House |
| 7:44 | Construir | House |
| 8:04 | Construir | Mill |
| 8:06 | Encolar | Villager (Male) |
| 8:06 | Encolar | Villager (Male) |
| 8:07 | Encolar | Villager (Male) |
| 8:09 | Encolar | Fishing Ship |
| 8:09 | Encolar | Fishing Ship |
| 9:14 | Encolar | Villager (Male) |
| 9:30 | Encolar | Fishing Ship |
| 9:30 | Encolar | Fishing Ship |
| 10:08 | Investigar | Feudal Age |
| 10:08 | Investigar | Feudal Age |
| 10:12 | Construir | Barracks |
| 10:38 | Encolar | Fishing Ship |
| 11:03 | Construir | Lumber Camp |
| 11:17 | Construir | House |
| 11:28 | Construir | Mining Camp |
| 11:41 | Encolar | Villager (Male) |
| 11:41 | Encolar | Villager (Male) |
| 12:18 | Edad | Edad Feudal |
| 12:22 | Construir | Stable |
| 12:31 | Construir | Blacksmith |
| 12:59 | Construir | Mining Camp |
| 13:02 | Encolar | Villager (Male) |
| 13:02 | Encolar | Villager (Male) |
| 13:28 | Construir | House |
| 13:31 | Construir | House |
| 13:34 | Construir | Farm |
| 13:35 | Construir | Farm |
| 13:59 | Encolar | Villager (Male) |
| 13:59 | Encolar | Villager (Male) |
| 14:02 | Construir | Farm |
| 14:28 | Encolar | Demolition Raft |
| 14:28 | Encolar | Demolition Raft |
| 14:37 | Construir | Farm |
| 14:40 | Construir | House |
| 14:54 | Encolar | Villager (Male) |
| 14:55 | Encolar | Villager (Male) |
| 14:58 | Construir | Farm |
| 15:34 | Encolar | Demolition Raft |
| 15:34 | Encolar | Demolition Raft |
| 15:51 | Construir | Palisade Wall |
| 16:00 | Encolar | Villager (Male) |
| 16:01 | Encolar | Villager (Male) |
| 16:28 | Investigar | Castle Age |
| 16:29 | Investigar | Castle Age |
| 16:29 | Investigar | Castle Age |
| 16:36 | Construir | Palisade Wall |
| 17:27 | Construir | Palisade Wall |
| 17:38 | Encolar | Demolition Raft |
| 17:38 | Encolar | Demolition Raft |
| 17:44 | Encolar | Demolition Raft |
| 17:44 | Encolar | Demolition Raft |
| 17:48 | Encolar | Fishing Ship |
| 17:51 | Encolar | Fishing Ship |
| 18:04 | Encolar | Spearman |
| 18:04 | Encolar | Spearman |
| 18:16 | Construir | Palisade Wall |
| 18:27 | Investigar | Double-Bit Axe |
| 18:29 | Investigar | Horse Collar |
| 18:50 | Encolar | Spearman |
| 18:54 | Encolar | Spearman |
| 19:30 | Edad | Edad de los Castillos |
| 19:33 | Construir | Monastery |
| 19:34 | Encolar | Knight |
| 19:35 | Encolar | Knight |
| 19:52 | Construir | House |
| 19:53 | Construir | House |
| 20:04 | Encolar | Villager (Male) |
| 20:04 | Encolar | Villager (Male) |
| 20:04 | Encolar | Villager (Male) |
| 20:09 | Encolar | Monk |
| 20:09 | Encolar | Monk |
| 20:18 | Construir | Stable |
| 20:25 | Investigar | Gold Mining |
| 20:41 | Encolar | Knight |
| 20:41 | Encolar | Knight |
| 21:02 | Encolar | Knight |
| 21:02 | Encolar | Knight |
| 21:05 | Investigar | Scale Barding Armor |
| 21:24 | Encolar | Knight |
| 21:24 | Encolar | Knight |
| 21:43 | Encolar | Knight |
| 21:43 | Encolar | Knight |
| 21:43 | Encolar | Knight |
Build order — LMG_Leonardo
113 acciones detectadas en el replay
| 0:01 | Encolar | Villager (Male) |
| 0:01 | Encolar | Villager (Male) |
| 0:01 | Encolar | Villager (Male) |
| 0:02 | Encolar | Villager (Male) |
| 0:03 | Construir | House |
| 0:04 | Construir | House |
| 1:36 | Construir | House |
| 1:43 | Encolar | Villager (Male) |
| 1:43 | Encolar | Villager (Male) |
| 2:13 | Encolar | Villager (Male) |
| 2:13 | Encolar | Villager (Male) |
| 2:38 | Encolar | Villager (Male) |
| 2:39 | Encolar | Villager (Male) |
| 3:03 | Encolar | Villager (Male) |
| 3:03 | Encolar | Villager (Male) |
| 3:15 | Construir | House |
| 3:32 | Encolar | Villager (Male) |
| 3:32 | Encolar | Villager (Male) |
| 3:55 | Encolar | Villager (Male) |
| 3:55 | Encolar | Villager (Male) |
| 4:20 | Construir | Lumber Camp |
| 4:25 | Encolar | Villager (Male) |
| 4:25 | Encolar | Villager (Male) |
| 4:27 | Encolar | Villager (Male) |
| 5:12 | Construir | House |
| 5:13 | Investigar | Loom |
| 5:44 | Encolar | Villager (Male) |
| 5:51 | Construir | Mill |
| 5:53 | Encolar | Villager (Male) |
| 6:24 | Encolar | Villager (Male) |
| 7:08 | Investigar | Feudal Age |
| 7:08 | Investigar | Feudal Age |
| 7:43 | Construir | House |
| 8:19 | Construir | Barracks |
| 9:09 | Construir | House |
| 9:18 | Edad | Edad Feudal |
| 9:20 | Construir | Stable |
| 9:25 | Investigar | Double-Bit Axe |
| 9:26 | Investigar | Double-Bit Axe |
| 9:48 | Encolar | Villager (Male) |
| 9:49 | Encolar | Villager (Male) |
| 10:08 | Investigar | Horse Collar |
| 10:17 | Construir | House |
| 10:21 | Construir | House |
| 10:25 | Encolar | Villager (Male) |
| 10:27 | Encolar | Scout Cavalry |
| 10:27 | Encolar | Scout Cavalry |
| 11:02 | Encolar | Villager (Male) |
| 11:15 | Encolar | Scout Cavalry |
| 11:21 | Encolar | Villager (Male) |
| 11:27 | Construir | Farm |
| 11:29 | Construir | Farm |
| 11:29 | Construir | Farm |
| 11:41 | Encolar | Villager (Male) |
| 12:02 | Encolar | Villager (Male) |
| 12:02 | Encolar | Villager (Male) |
| 12:02 | Encolar | Villager (Male) |
| 12:03 | Encolar | Villager (Male) |
| 12:06 | Construir | Farm |
| 12:09 | Construir | Farm |
| 12:15 | Construir | Farm |
| 12:23 | Encolar | Scout Cavalry |
| 12:23 | Encolar | Scout Cavalry |
| 12:23 | Encolar | Scout Cavalry |
| 12:30 | Construir | Farm |
| 12:33 | Construir | Farm |
| 12:37 | Construir | Farm |
| 13:29 | Construir | Watch Tower |
| 13:32 | Encolar | Villager (Male) |
| 13:33 | Encolar | Villager (Male) |
| 13:33 | Encolar | Villager (Male) |
| 14:06 | Encolar | Villager (Male) |
| 14:07 | Encolar | Scout Cavalry |
| 14:08 | Encolar | Scout Cavalry |
| 15:13 | Construir | House |
| 15:14 | Construir | House |
| 15:19 | Construir | Farm |
| 15:19 | Construir | Farm |
| 15:19 | Construir | Farm |
| 15:22 | Construir | Farm |
| 15:24 | Construir | Farm |
| 15:27 | Construir | Farm |
| 15:37 | Encolar | Villager (Male) |
| 15:37 | Encolar | Villager (Male) |
| 16:01 | Encolar | Scout Cavalry |
| 16:01 | Encolar | Scout Cavalry |
| 16:26 | Encolar | Villager (Male) |
| 16:26 | Encolar | Villager (Male) |
| 16:44 | Construir | Mill |
| 16:52 | Construir | Lumber Camp |
| 17:15 | Encolar | Villager (Male) |
| 17:15 | Encolar | Villager (Male) |
| 17:34 | Construir | Mining Camp |
| 17:42 | Investigar | Wheelbarrow |
| 17:54 | Construir | Mining Camp |
| 18:43 | Investigar | Gold Mining |
| 19:26 | Encolar | Villager (Male) |
| 19:26 | Encolar | Villager (Male) |
| 19:38 | Investigar | Stone Mining |
| 19:57 | Construir | Blacksmith |
| 20:02 | Encolar | Villager (Male) |
| 20:15 | Construir | House |
| 20:22 | Construir | Stone Wall |
| 20:28 | Construir | House |
| 20:30 | Construir | House |
| 20:32 | Construir | House |
| 20:34 | Investigar | Castle Age |
| 20:40 | Construir | Stone Wall |
| 20:53 | Construir | Palisade Gate |
| 20:57 | Encolar | Villager (Male) |
| 20:58 | Encolar | Villager (Male) |
| 21:55 | Encolar | Villager (Male) |
| 21:55 | Encolar | Villager (Male) |
Build order — cuaiern
98 acciones detectadas en el replay
| 0:01 | Encolar | Villager (Male) |
| 0:02 | Construir | House |
| 0:03 | Construir | House |
| 0:13 | Encolar | Villager (Male) |
| 0:15 | Encolar | Villager (Male) |
| 0:17 | Encolar | Villager (Male) |
| 1:29 | Encolar | Villager (Male) |
| 2:02 | Encolar | Villager (Male) |
| 2:18 | Construir | Lumber Camp |
| 2:22 | Encolar | Villager (Male) |
| 3:03 | Encolar | Villager (Male) |
| 3:14 | Encolar | Villager (Male) |
| 3:49 | Encolar | Villager (Male) |
| 4:09 | Encolar | Villager (Male) |
| 4:22 | Construir | House |
| 4:23 | Construir | House |
| 4:44 | Encolar | Villager (Male) |
| 5:26 | Construir | Palisade Wall |
| 5:34 | Encolar | Villager (Male) |
| 6:31 | Construir | Palisade Wall |
| 6:38 | Encolar | Villager (Male) |
| 6:52 | Construir | Palisade Gate |
| 6:57 | Construir | Palisade Gate |
| 7:01 | Encolar | Villager (Male) |
| 7:19 | Encolar | Villager (Male) |
| 7:31 | Investigar | Loom |
| 7:45 | Encolar | Villager (Male) |
| 7:56 | Construir | Mill |
| 8:00 | Construir | Mill |
| 8:44 | Encolar | Villager (Male) |
| 8:54 | Construir | Palisade Wall |
| 9:06 | Construir | Dock |
| 9:09 | Encolar | Villager (Male) |
| 9:31 | Investigar | Feudal Age |
| 9:38 | Construir | Mining Camp |
| 9:47 | Encolar | Villager (Male) |
| 10:00 | Construir | Palisade Wall |
| 10:05 | Construir | Palisade Wall |
| 10:12 | Construir | Palisade Wall |
| 10:12 | Construir | Palisade Wall |
| 10:25 | Construir | Palisade Wall |
| 10:30 | Construir | Palisade Wall |
| 10:31 | Construir | Palisade Wall |
| 10:31 | Construir | Palisade Wall |
| 11:25 | Construir | Barracks |
| 11:44 | Edad | Edad Feudal |
| 11:50 | Construir | House |
| 11:52 | Encolar | Villager (Male) |
| 11:58 | Investigar | Double-Bit Axe |
| 12:14 | Construir | House |
| 12:36 | Encolar | Villager (Male) |
| 12:42 | Construir | House |
| 12:50 | Encolar | Villager (Male) |
| 13:02 | Construir | Stone Wall |
| 13:04 | Encolar | Villager (Male) |
| 13:16 | Construir | House |
| 13:26 | Construir | Stable |
| 13:29 | Encolar | Villager (Male) |
| 13:48 | Construir | Stone Wall |
| 13:58 | Construir | House |
| 14:06 | Construir | Stone Wall |
| 14:54 | Encolar | Scout Cavalry |
| 14:54 | Encolar | Scout Cavalry |
| 15:06 | Encolar | Villager (Male) |
| 15:09 | Construir | Pasture |
| 15:14 | Encolar | Villager (Male) |
| 15:20 | Encolar | Spearman |
| 15:34 | Construir | Blacksmith |
| 16:14 | Encolar | Villager (Male) |
| 16:23 | Encolar | Villager (Male) |
| 16:38 | Encolar | Villager (Male) |
| 16:47 | Encolar | Villager (Male) |
| 17:00 | Encolar | Villager (Male) |
| 17:06 | Construir | Pasture |
| 17:12 | Construir | Stone Wall |
| 17:17 | Construir | Stone Wall |
| 17:26 | Construir | Pasture |
| 17:45 | Construir | Stone Wall |
| 17:49 | Encolar | Villager (Male) |
| 17:53 | Construir | Mining Camp |
| 17:58 | Construir | Pasture |
| 18:01 | Encolar | Villager (Male) |
| 18:18 | Construir | House |
| 18:19 | Investigar | Wheelbarrow |
| 18:22 | Investigar | Tech 1014 |
| 18:45 | Construir | Lumber Camp |
| 18:56 | Construir | House |
| 19:30 | Construir | Lumber Camp |
| 19:57 | Encolar | Villager (Male) |
| 20:19 | Construir | Pasture |
| 20:34 | Encolar | Villager (Male) |
| 20:56 | Construir | Market |
| 21:17 | Construir | Pasture |
| 21:19 | Encolar | Villager (Male) |
| 21:39 | Investigar | Castle Age |
| 21:58 | Investigar | Forging |
| 22:04 | Construir | Pasture |
| 22:26 | Encolar | Villager (Male) |
Build order — luislm6621
107 acciones detectadas en el replay
| 0:02 | Encolar | Villager (Male) |
| 0:03 | Encolar | Villager (Male) |
| 0:03 | Encolar | Villager (Male) |
| 0:03 | Encolar | Villager (Male) |
| 0:03 | Encolar | Villager (Male) |
| 0:05 | Construir | House |
| 0:07 | Construir | House |
| 1:28 | Encolar | Villager (Male) |
| 1:29 | Encolar | Villager (Male) |
| 1:51 | Construir | Lumber Camp |
| 2:09 | Encolar | Villager (Male) |
| 2:09 | Encolar | Villager (Male) |
| 2:13 | Encolar | Villager (Male) |
| 2:13 | Encolar | Villager (Male) |
| 2:14 | Encolar | Villager (Male) |
| 2:48 | Encolar | Villager (Male) |
| 2:49 | Encolar | Villager (Male) |
| 3:10 | Encolar | Villager (Male) |
| 3:39 | Encolar | Villager (Male) |
| 3:46 | Construir | House |
| 4:08 | Encolar | Villager (Male) |
| 4:08 | Encolar | Villager (Male) |
| 4:09 | Encolar | Villager (Male) |
| 4:23 | Encolar | Villager (Male) |
| 4:23 | Encolar | Villager (Male) |
| 4:23 | Encolar | Villager (Male) |
| 4:54 | Encolar | Villager (Male) |
| 4:54 | Encolar | Villager (Male) |
| 4:54 | Encolar | Villager (Male) |
| 4:56 | Construir | House |
| 5:05 | Encolar | Villager (Male) |
| 5:31 | Construir | House |
| 5:42 | Encolar | Villager (Male) |
| 6:19 | Construir | House |
| 6:40 | Encolar | Villager (Male) |
| 6:42 | Construir | Mill |
| 6:58 | Investigar | Loom |
| 7:34 | Investigar | Feudal Age |
| 7:34 | Investigar | Feudal Age |
| 8:11 | Construir | Lumber Camp |
| 8:45 | Construir | Barracks |
| 9:36 | Construir | Mining Camp |
| 9:42 | Encolar | Villager (Male) |
| 9:44 | Edad | Edad Feudal |
| 9:48 | Construir | Archery Range |
| 9:51 | Construir | Archery Range |
| 10:01 | Encolar | Villager (Male) |
| 10:31 | Construir | Outpost |
| 10:38 | Encolar | Villager (Male) |
| 10:47 | Encolar | Archer |
| 10:47 | Encolar | Archer |
| 10:52 | Construir | House |
| 11:02 | Encolar | Villager (Male) |
| 11:13 | Encolar | Archer |
| 11:13 | Encolar | Archer |
| 11:17 | Construir | House |
| 11:18 | Construir | House |
| 11:37 | Encolar | Villager (Male) |
| 11:37 | Encolar | Villager (Male) |
| 11:43 | Encolar | Archer |
| 11:53 | Construir | House |
| 12:14 | Encolar | Archer |
| 12:44 | Encolar | Archer |
| 12:45 | Encolar | Villager (Male) |
| 13:07 | Encolar | Villager (Male) |
| 13:08 | Encolar | Archer |
| 13:08 | Encolar | Archer |
| 13:10 | Construir | Outpost |
| 13:14 | Encolar | Archer |
| 13:43 | Construir | Mill |
| 13:47 | Encolar | Villager (Male) |
| 13:53 | Construir | Outpost |
| 14:01 | Investigar | Town Watch |
| 14:01 | Investigar | Town Watch |
| 14:02 | Investigar | Town Watch |
| 14:29 | Construir | House |
| 14:39 | Encolar | Villager (Male) |
| 14:46 | Construir | Market |
| 14:57 | Encolar | Villager (Male) |
| 15:09 | Construir | House |
| 15:18 | Construir | Farm |
| 15:19 | Construir | Farm |
| 15:24 | Encolar | Villager (Male) |
| 15:37 | Construir | Farm |
| 15:44 | Investigar | Double-Bit Axe |
| 15:44 | Investigar | Double-Bit Axe |
| 15:44 | Investigar | Double-Bit Axe |
| 16:01 | Encolar | Villager (Male) |
| 16:01 | Encolar | Villager (Male) |
| 16:10 | Construir | Blacksmith |
| 16:42 | Encolar | Villager (Male) |
| 17:11 | Encolar | Villager (Male) |
| 17:37 | Encolar | Villager (Male) |
| 18:14 | Investigar | Castle Age |
| 18:15 | Investigar | Castle Age |
| 18:15 | Investigar | Castle Age |
| 18:38 | Construir | Mining Camp |
| 20:11 | Construir | Outpost |
| 20:54 | Edad | Edad de los Castillos |
| 20:59 | Construir | Castle |
| 21:18 | Encolar | Villager (Male) |
| 21:18 | Encolar | Villager (Male) |
| 21:23 | Encolar | Villager (Male) |
| 21:30 | Encolar | Cavalry Archer |
| 21:30 | Encolar | Cavalry Archer |
| 21:41 | Construir | Palisade Gate |
| 22:34 | Construir | Lumber Camp |
Build order — LMG_SON SABANDIJAS
126 acciones detectadas en el replay
| 0:03 | Construir | House |
| 0:04 | Encolar | Villager (Male) |
| 0:04 | Encolar | Villager (Male) |
| 0:05 | Encolar | Villager (Male) |
| 0:05 | Encolar | Villager (Male) |
| 0:05 | Encolar | Villager (Male) |
| 0:23 | Construir | House |
| 1:25 | Encolar | Villager (Male) |
| 1:26 | Encolar | Villager (Male) |
| 2:01 | Encolar | Villager (Male) |
| 2:01 | Encolar | Villager (Male) |
| 2:24 | Encolar | Villager (Male) |
| 2:25 | Encolar | Villager (Male) |
| 2:25 | Encolar | Villager (Male) |
| 2:28 | Construir | Lumber Camp |
| 2:52 | Encolar | Villager (Male) |
| 2:52 | Encolar | Villager (Male) |
| 2:52 | Encolar | Villager (Male) |
| 3:08 | Encolar | Villager (Male) |
| 3:08 | Encolar | Villager (Male) |
| 3:08 | Encolar | Villager (Male) |
| 3:45 | Encolar | Villager (Male) |
| 3:45 | Encolar | Villager (Male) |
| 4:19 | Construir | House |
| 4:24 | Investigar | Loom |
| 4:27 | Encolar | Villager (Male) |
| 4:28 | Encolar | Villager (Male) |
| 4:28 | Encolar | Villager (Male) |
| 4:46 | Construir | Mill |
| 4:52 | Encolar | Villager (Male) |
| 4:52 | Encolar | Villager (Male) |
| 5:01 | Encolar | Villager (Male) |
| 5:01 | Encolar | Villager (Male) |
| 5:02 | Encolar | Villager (Male) |
| 6:47 | Construir | House |
| 7:13 | Encolar | Villager (Male) |
| 7:13 | Encolar | Villager (Male) |
| 7:13 | Encolar | Villager (Male) |
| 7:14 | Encolar | Villager (Male) |
| 7:14 | Encolar | Villager (Male) |
| 7:23 | Construir | Dock |
| 7:32 | Encolar | Villager (Male) |
| 7:54 | Construir | Lumber Camp |
| 8:13 | Encolar | Fishing Ship |
| 8:13 | Encolar | Fishing Ship |
| 8:14 | Encolar | Fishing Ship |
| 8:27 | Construir | Lumber Camp |
| 8:56 | Investigar | Feudal Age |
| 8:56 | Investigar | Feudal Age |
| 9:00 | Construir | Mining Camp |
| 9:09 | Encolar | Fishing Ship |
| 9:09 | Encolar | Fishing Ship |
| 9:42 | Construir | House |
| 9:43 | Construir | House |
| 10:05 | Encolar | Villager (Male) |
| 10:35 | Encolar | Fishing Ship |
| 10:43 | Encolar | Villager (Male) |
| 10:43 | Encolar | Villager (Male) |
| 10:53 | Construir | Barracks |
| 11:06 | Edad | Edad Feudal |
| 11:14 | Encolar | Unit 2626 |
| 11:19 | Encolar | Villager (Male) |
| 11:24 | Investigar | Double-Bit Axe |
| 11:25 | Investigar | Double-Bit Axe |
| 11:36 | Encolar | Spearman |
| 11:36 | Encolar | Spearman |
| 11:39 | Construir | House |
| 11:41 | Encolar | Villager (Male) |
| 11:42 | Encolar | Villager (Male) |
| 12:12 | Construir | Archery Range |
| 12:21 | Encolar | Villager (Male) |
| 12:46 | Encolar | Fishing Ship |
| 12:46 | Encolar | Fishing Ship |
| 12:57 | Encolar | Skirmisher |
| 12:58 | Encolar | Skirmisher |
| 12:58 | Encolar | Skirmisher |
| 13:10 | Encolar | Villager (Male) |
| 13:36 | Encolar | Spearman |
| 13:46 | Encolar | Fishing Ship |
| 13:46 | Encolar | Fishing Ship |
| 13:59 | Construir | House |
| 14:06 | Investigar | Horse Collar |
| 14:16 | Encolar | Skirmisher |
| 14:20 | Construir | House |
| 14:26 | Construir | House |
| 14:31 | Encolar | Villager (Male) |
| 14:31 | Encolar | Villager (Male) |
| 14:32 | Encolar | Villager (Male) |
| 14:37 | Encolar | Fishing Ship |
| 14:58 | Encolar | Villager (Male) |
| 15:03 | Construir | Farm |
| 15:04 | Construir | Farm |
| 15:04 | Construir | Farm |
| 15:05 | Encolar | Villager (Male) |
| 15:41 | Encolar | Villager (Male) |
| 15:43 | Construir | Farm |
| 15:43 | Construir | Farm |
| 15:49 | Construir | Lumber Camp |
| 16:12 | Construir | Watch Tower |
| 16:27 | Encolar | Spearman |
| 16:30 | Encolar | Skirmisher |
| 16:30 | Encolar | Skirmisher |
| 16:47 | Encolar | Spearman |
| 16:55 | Encolar | Villager (Male) |
| 17:15 | Encolar | Villager (Male) |
| 17:16 | Encolar | Villager (Male) |
| 17:27 | Construir | Blacksmith |
| 17:35 | Encolar | Skirmisher |
| 17:36 | Encolar | Skirmisher |
| 17:47 | Encolar | Villager (Male) |
| 17:49 | Construir | Farm |
| 17:49 | Construir | Farm |
| 17:50 | Encolar | Villager (Male) |
| 18:08 | Construir | House |
| 18:31 | Investigar | Fletching |
| 18:42 | Encolar | Villager (Male) |
| 18:46 | Construir | Mining Camp |
| 19:40 | Encolar | Spearman |
| 19:40 | Encolar | Spearman |
| 20:24 | Encolar | Spearman |
| 20:24 | Encolar | Spearman |
| 20:55 | Encolar | Villager (Male) |
| 20:55 | Encolar | Villager (Male) |
| 21:34 | Encolar | Villager (Male) |
| 21:34 | Encolar | Villager (Male) |
| 21:35 | Encolar | Villager (Male) |
Build order — Skrepee
100 acciones detectadas en el replay
| 0:01 | Encolar | Villager (Male) |
| 0:01 | Encolar | Villager (Male) |
| 0:01 | Encolar | Villager (Male) |
| 0:03 | Construir | House |
| 0:05 | Construir | House |
| 0:59 | Encolar | Villager (Male) |
| 1:00 | Encolar | Villager (Male) |
| 2:12 | Encolar | Villager (Male) |
| 2:13 | Encolar | Villager (Male) |
| 2:13 | Encolar | Villager (Male) |
| 2:14 | Encolar | Villager (Male) |
| 2:46 | Construir | Lumber Camp |
| 3:02 | Encolar | Villager (Male) |
| 3:02 | Encolar | Villager (Male) |
| 3:50 | Construir | House |
| 4:55 | Encolar | Villager (Male) |
| 4:55 | Encolar | Villager (Male) |
| 4:55 | Encolar | Villager (Male) |
| 4:59 | Encolar | Villager (Male) |
| 5:27 | Construir | Mill |
| 5:48 | Construir | Mining Camp |
| 6:29 | Encolar | Villager (Male) |
| 6:45 | Encolar | Villager (Male) |
| 6:51 | Construir | House |
| 7:19 | Investigar | Loom |
| 7:46 | Investigar | Feudal Age |
| 7:47 | Investigar | Feudal Age |
| 7:55 | Construir | House |
| 7:56 | Construir | House |
| 8:26 | Encolar | Villager (Male) |
| 9:50 | Edad | Edad Feudal |
| 9:54 | Construir | Market |
| 9:59 | Investigar | Double-Bit Axe |
| 10:33 | Encolar | Villager (Male) |
| 10:34 | Encolar | Villager (Male) |
| 10:34 | Encolar | Villager (Male) |
| 10:51 | Construir | Blacksmith |
| 11:03 | Construir | Blacksmith |
| 11:39 | Encolar | Villager (Male) |
| 12:18 | Encolar | Villager (Male) |
| 12:51 | Investigar | Castle Age |
| 13:01 | Construir | Barracks |
| 13:17 | Construir | Lumber Camp |
| 13:52 | Investigar | Scale Barding Armor |
| 14:06 | Construir | Stable |
| 14:43 | Investigar | Forging |
| 15:00 | Encolar | Villager (Male) |
| 15:16 | Edad | Edad de los Castillos |
| 15:17 | Encolar | Knight |
| 15:37 | Construir | Town Center |
| 15:41 | Encolar | Villager (Male) |
| 15:44 | Construir | Farm |
| 15:46 | Construir | Farm |
| 15:54 | Construir | Farm |
| 15:55 | Encolar | Knight |
| 16:01 | Construir | Farm |
| 16:07 | Construir | Farm |
| 16:20 | Construir | Farm |
| 16:43 | Encolar | Knight |
| 16:49 | Construir | Farm |
| 16:53 | Construir | Farm |
| 17:07 | Construir | Farm |
| 17:08 | Construir | Farm |
| 17:08 | Construir | Farm |
| 17:11 | Encolar | Villager (Male) |
| 17:35 | Encolar | Villager (Male) |
| 17:39 | Construir | Farm |
| 17:47 | Construir | Farm |
| 17:50 | Construir | Farm |
| 18:02 | Encolar | Knight |
| 18:12 | Encolar | Villager (Male) |
| 18:30 | Encolar | Villager (Male) |
| 19:21 | Encolar | Villager (Male) |
| 19:21 | Encolar | Villager (Male) |
| 19:21 | Encolar | Villager (Male) |
| 19:22 | Encolar | Villager (Male) |
| 19:22 | Encolar | Villager (Male) |
| 19:33 | Construir | Farm |
| 19:34 | Encolar | Knight |
| 19:53 | Encolar | Villager (Male) |
| 20:10 | Construir | House |
| 20:12 | Construir | House |
| 20:12 | Construir | House |
| 21:18 | Encolar | Villager (Male) |
| 21:18 | Encolar | Villager (Male) |
| 21:18 | Encolar | Villager (Male) |
| 21:19 | Encolar | Knight |
| 21:32 | Encolar | Villager (Male) |
| 21:39 | Construir | Farm |
| 21:43 | Construir | House |
| 21:44 | Construir | House |
| 21:44 | Construir | House |
| 21:45 | Construir | House |
| 21:50 | Encolar | Villager (Male) |
| 21:50 | Encolar | Villager (Male) |
| 21:52 | Encolar | Knight |
| 22:01 | Investigar | Husbandry |
| 22:37 | Encolar | Villager (Male) |
| 22:37 | Encolar | Villager (Male) |
| 22:37 | Encolar | Villager (Male) |
Cronología de la partida
| 5:26 | cuaiern · wall_segment Palisade Wall x5 |
| 6:31 | cuaiern · wall_segment Palisade Wall x1 |
| 6:49 | LMG_HERA DE TEMU · first_building Dock |
| 7:19 | LMG_HERA DE TEMU · wall_segment Palisade Wall x1 |
| 7:21 | LMG_HERA DE TEMU · wall_segment Palisade Wall x1 |
| 7:22 | LMG_HERA DE TEMU · wall_segment Palisade Wall x1 |
| 7:23 | LMG_SON SABANDIJAS · first_building Dock |
| 8:19 | LMG_Leonardo · first_building Barracks |
| 8:45 | luislm6621 · first_building Barracks |
| 8:54 | cuaiern · wall_segment Palisade Wall x4 |
| 9:06 | cuaiern · first_building Dock |
| 9:18 | LMG_Leonardo · age_up feudal |
| 9:20 | LMG_Leonardo · first_building Stable |
| 9:44 | luislm6621 · age_up feudal |
| 9:48 | luislm6621 · first_building Archery Range |
| 9:50 | Skrepee · age_up feudal |
| 10:00 | cuaiern · wall_segment Palisade Wall x8 |
| 10:05 | cuaiern · wall_segment Palisade Wall x7 |
| 10:12 | cuaiern · wall_segment Palisade Wall x1 |
| 10:12 | LMG_HERA DE TEMU · first_building Barracks |
| 10:12 | cuaiern · wall_segment Palisade Wall x1 |
| 10:25 | cuaiern · wall_segment Palisade Wall x1 |
| 10:30 | cuaiern · wall_segment Palisade Wall x2 |
| 10:31 | cuaiern · wall_segment Palisade Wall x1 |
| 10:31 | cuaiern · wall_segment Palisade Wall x1 |
| 10:53 | LMG_SON SABANDIJAS · first_building Barracks |
| 11:06 | LMG_SON SABANDIJAS · age_up feudal |
| 11:25 | cuaiern · first_building Barracks |
| 11:44 | cuaiern · age_up feudal |
| 12:12 | LMG_SON SABANDIJAS · first_building Archery Range |
| 12:18 | LMG_HERA DE TEMU · age_up feudal |
| 12:22 | LMG_HERA DE TEMU · first_building Stable |
| 13:01 | Skrepee · first_building Barracks |
| 13:02 | cuaiern · wall_segment Stone Wall x7 |
| 13:26 | cuaiern · first_building Stable |
| 13:48 | cuaiern · wall_segment Stone Wall x8 |
| 14:06 | cuaiern · wall_segment Stone Wall x7 |
| 14:06 | Skrepee · first_building Stable |
| 15:16 | Skrepee · age_up castle |
| 15:51 | LMG_HERA DE TEMU · wall_segment Palisade Wall x11 |
| 16:36 | LMG_HERA DE TEMU · wall_segment Palisade Wall x11 |
| 16:46 | luislm6621 · first_market_buy 500 food |
| 17:12 | cuaiern · wall_segment Stone Wall x1 |
| 17:17 | cuaiern · wall_segment Stone Wall x1 |
| 17:27 | luislm6621 · first_market_sell 100 wood |
| 17:27 | LMG_HERA DE TEMU · wall_segment Palisade Wall x7 |
| 17:45 | cuaiern · wall_segment Stone Wall x4 |
| 18:16 | LMG_HERA DE TEMU · wall_segment Palisade Wall x6 |
| 19:30 | LMG_HERA DE TEMU · age_up castle |
| 19:33 | LMG_HERA DE TEMU · first_building Monastery |
| 20:22 | LMG_Leonardo · wall_segment Stone Wall x4 |
| 20:40 | LMG_Leonardo · wall_segment Stone Wall x3 |
| 20:54 | luislm6621 · age_up castle |
| 20:59 | luislm6621 · first_building Castle |
| 21:58 | LMG_SON SABANDIJAS · resign |
[ ANÁLISIS IA · 1 CRÉDITO ]
¿Qué pasó realmente en esta partida?
Wolo.gg analiza cada decisión: build order, eco, micro, errores típicos por bracket. Análisis personalizado por WhatsApp o Discord en 30 segundos.
Guía civ
Lituanos
Perfil
Jugador #12168959